 Dungeon Crawl Stone Soup version 0.26-a0-1060-g086102a3f0 (webtiles) character file.

Game seed: 4654285781608743004

75 ruwin the Chopper (level 4, 0/34 HPs)
             Began as a Demonspawn Gladiator on Dec 14, 2020.
             Was an Initiate of Yredelemnul.
             Slain by an orc
             ... wielding a +0 club
              (6 damage)
             ... on level 3 of the Dungeon.
             The game lasted 00:05:44 (2298 turns).

ruwin the Chopper (Demonspawn Gladiator)            Turns: 2298, Time: 00:05:46

Health: 0/34       AC:  4    Str: 14    XL:     4   Next: 11%
Magic:  4/4        EV:  8    Int: 13    God:    Yredelemnul [......]
Gold:   82         SH: 10    Dex: 14    Spells: 3/3 levels left

rFire    . . .     SeeInvis .   e - +1 mace (drain)
rCold    . . .     Faith    .   p - +0 tower shield
rNeg     . . .     Spirit   .   b - +0 leather armour
rPois    .         Reflect  .   c - +0 helmet
rElec    .         Harm     .   (no cloak)
rCorr    .         Rampage  .   (no gloves)
Will     .....                  (no boots)
Stlth    +.........             (no amulet)
HPRegen  0.11/turn              (no ring)
MPRegen  0.09/turn              (no ring)

@: no status effects
A: big brain 1
a: Renounce Religion


You were on level 3 of the Dungeon.
You worshipped Yredelemnul.
Yredelemnul was noncommittal.
You visited 1 branch of the dungeon, and saw 3 of its levels.

You collected 82 gold pieces.

Inventory:

Hand Weapons
 a - a +0 war axe
 e - a +1 mace of draining (weapon)
 n - a +0 quarterstaff
Missiles
 d - 3 throwing nets (quivered)
 f - 8 atropa-tipped darts
 l - 2 datura-tipped darts
Armour
 b - a +0 leather armour (worn)
 c - a +0 helmet (worn)
 g - a +0 ring mail
 m - a +0 buckler
 p - a +0 tower shield (worn)
Scrolls
 i - a scroll of remove curse {unknown}
 j - 3 scrolls of teleportation {unknown}
Potions
 h - a potion of brilliance
 k - a potion of curing
 o - a potion of degeneration {unknown}


   Skills:
 + Level 2.5 Fighting
 - Level 3.3 Axes
 * Level 0.6(2.1) Maces & Flails
 + Level 1.9 Throwing
 + Level 1.1 Armour
 + Level 3.1 Dodging
 + Level 0.3 Shields


You had 3 spell levels left.
You didn't know any spells.
Your spell library was empty.

Dungeon Overview and Level Annotations

Branches:
Dungeon (3/15)

Altars:
Cheibriados
Qazlal
Trog
Yredelemnul


Innate Abilities, Weirdness & Mutations

You have an unusually large brain. (Int +2)


Message History

You block the orc priest's attack. The orc hits you but does no damage. x2
You barely miss the orc priest.
The orc priest is lightly wounded.
You closely miss the orc. You block the orc's attack.
You barely miss the orc.
The orc priest casts a cantrip, but nothing happens.
You block the orc's attack.
You completely miss the orc. The orc barely misses you.
You block the orc's attack. The orc hits you but does no damage.
You hit the orc.
The orc is almost dead.
The orc barely misses you. The orc hits you with a +0 dagger.
* * * LOW HITPOINT WARNING * * *
You closely miss the orc.
The orc is almost dead.
The orc hits you but does no damage. The orc hits you with a +0 dagger.
* * * LOW HITPOINT WARNING * * *
The orc hits you with a +0 club.
You die...
Your body rises from the dead as a mindless zombie.

#.# #.####.. ###.##
#.#####' #######
#..†.#####.##.#.. .......
#.##......##_.'.⌠ .......
#.###...#<.##.#..
.......##.....##########'
...$...#..###..# #..
.......#o## ##.# ##.
......oo@# .. #.
......g### ##. #. #####.#
# #. #. ## #


You could see an orc priest, 2 orcs and a goblin.

Vanquished Creatures
  An adder (D:3)
  An ooze (D:3)
  3 dart slugs
  A leopard gecko (D:1)
  An orc (D:3)
  6 bats
  2 giant cockroaches (D:1)
  6 hobgoblins
  3 jackals (D:3)
  A quokka (D:3)
  2 ball pythons
  2 frilled lizards (D:2)
  7 goblins
  9 kobolds
  8 rats
53 creatures vanquished.

Notes
Turn   | Place    | Note
-------+----------+-------------------------------------------
     0 | D:1      | ruwin the Demonspawn Gladiator began the quest for the Orb.
     0 | D:1      | Reached XP level 1. HP: 16/16 MP: 1/1
   413 | D:1      | Gained mutation: You have an unusually large brain. (Int
                  | +2) [demonic ancestry]
   413 | D:1      | Reached XP level 2. HP: 13/22 MP: 2/2
  1243 | D:2      | Found a stormy altar of Qazlal.
  1343 | D:2      | Reached XP level 3. HP: 27/28 MP: 3/3
  1519 | D:2      | Reached skill level 1 in Armour
  2036 | D:3      | Reached XP level 4. HP: 28/34 MP: 4/4
  2196 | D:3      | Found a snail-covered altar of Cheibriados.
  2199 | D:3      | Found a bloodstained altar of Trog.
  2205 | D:3      | Found a basalt altar of Yredelemnul.
  2209 | D:3      | Became a worshipper of Yredelemnul the Dark
  2298 | D:3      | Slain by an orc

Illustrated notes

Levels and vault maps discovered:
D:1:      psy_arrival_terrarium, layout_loops_corners
D:2:      layout_loops_ring, general_overflow_altar
D:3:      layout_rooms, tso_metal_star, grunt_temple_overflow_diamond,
          nemelex_dance_club_becter

Skill      XL: |  1  2  3 |
---------------+----------+-----
Axes           | 3 |  3.3
Armour         | 1 |  1.1
Dodging        | 3 |  3.1
Fighting       | |  2.5
Maces & Flails | |  0.6
Throwing       | |  1.9
Shields        | |  0.3

Action                   |  1- 3 |  4- 6 || total
-------------------------+-------+-------++-------
Melee: War axe           |   100 |       ||   100
       Mace              |    11 |    24 ||    35
  Use: Scroll            |     4 |       ||     4
       Potion            |       |     1 ||     1
 Stab: Sleeping          |     2 |       ||     2
Armor: Leather armour    |    38 |    10 ||    48
Dodge: Dodged            |    77 |    19 ||    96
Block: Buckler           |     9 |     4 ||    13
       Tower shield      |       |    11 ||    11

Table legend: (Time is in decaauts)
 A = Elapsed time spent in this place.
 B = Non-inter-level travel time spent in this place.
 C = Inter-level travel time spent in this place.
 D = Time resting spent in this place.
 E = Time spent auto-exploring this place.
 F = Levels seen in this place.
 G = Mean time per level.
                   A        B        C        D        E       F      G
               +--------+--------+--------+--------+--------+-----+--------+
         Total |   2344 |   2248 |     96 |    210 |   1618 |   3 |  781.3 |
       Dungeon |   2344 |   2248 |     96 |    210 |   1618 |   3 |  781.3 |
               +--------+--------+--------+--------+--------+-----+--------+

Top non-repeatable levels by time:
     D:1: 1209 daAuts
     D:2: 771 daAuts
     D:3: 363 daAuts
